 Dungeon Crawl Stone Soup version 0.28-a0-834-g1a73be5ee4 (webtiles) character file.

Game seed: 15499224776348052407

5374 funkygono the Basher (level 10, -1/79 HPs)
             Began as a Formicid Fighter on Nov 11, 2021.
             Was a Believer of Okawaru.
             Shot with an arrow by a centaur (9 damage)
             ... on level 9 of the Dungeon.
             The game lasted 00:19:11 (10984 turns).

funkygono the Basher (Formicid Fighter)            Turns: 10984, Time: 00:19:12

Health: -1/79      AC: 27    Str: 26    XL:     10   Next: 97%
Magic:  10/10      EV:  9    Int: 12    God:    Okawaru [**....]
Gold:   603        SH:  6    Dex: 15    Spells: 6/9 levels left

rFire   + + .      SeeInvis +   p - +3 dire flail (protect)
rCold   + + .      Faith    .   c - +0 buckler
rNeg    + + +      Spirit   .   x - +0 plate armour
rPois   +          Reflect  .   (helmet unavailable)
rElec   +          Harm     .   q - +4 cloak of Depression {rC+ rN+ Str+2 Int+4}
rCorr   +          Rampage  .   u - +0 pair of gloves
Will    +....                   (no boots)
Stlth   ..........              (no amulet)
HPRegen 0.23/turn               r - ring of protection from fire
MPRegen 0.12/turn               b - ring "Ydaod" {rN++ Dex+5 SInv Stlth-}

@: resistant, under a protective aura
A: permanent stasis, dig shafts and tunnels, antennae 3, four strong arms
a: Dig, Shaft Self, Renounce Religion, Heroism


You were on level 9 of the Dungeon.
You worshipped Okawaru.
Okawaru was pleased with you.
You visited 2 branches of the dungeon, and saw 10 of its levels.
You also visited: Bailey.

You collected 603 gold pieces.

Inventory:

Hand Weapons
 a - a +0 flail of venom
 e - a +0 morningstar of holy wrath
 p - a +3 dire flail of protection (weapon)
 v - a +3 whip of freezing
Missiles
 i - 258 stones
 l - 13 poisoned darts (quivered)
 n - 3 curare-tipped darts
Armour
 c - a +0 buckler (worn)
 h - +0 steam dragon scales
 k - a +0 chain mail
 q - the +4 cloak of Depression (worn) {rC+ rN+ Str+2 Int+4}
   (You found it on level 3 of the Dungeon)

   Str:       It affects your strength (+2).
   Int:       It affects your intelligence (+4).
   rC:        It protects you from cold.
   rN:        It protects you from negative energy.
 u - a +0 pair of gloves (worn)
 x - a +0 plate armour (worn)
 y - the +2 ring mail of the Blue Moon {+Blink rC+++ Stlth-}
   (You found it on level 6 of the Dungeon)

   rC:        It renders you almost immune to cold.
   +Blink:    It lets you blink.
   Stlth:     It makes you less stealthy.
Jewellery
 b - the ring "Ydaod" (right hand) {rN++ Dex+5 SInv Stlth-}
   (You found it on level 8 of the Dungeon)

   [ring of see invisible]

   Dex:       It affects your dexterity (+5).
   rN:        It greatly protects you from negative energy.
   SInv:      It lets you see invisible.
   Stlth:     It makes you less stealthy.
 r - a ring of protection from fire (left hand)
 w - a ring of ice
Wands
 g - a wand of flame (11)
 m - a wand of charming (26)
 C - a wand of iceblast (11)
 E - a wand of polymorph (9)
Scrolls
 s - a scroll of fog
 A - a scroll of enchant weapon
 D - 2 scrolls of identify
 F - a scroll of summoning {unknown}
Potions
 d - a potion of magic
 f - a potion of flight
 j - 3 potions of attraction
 o - a potion of lignification
 t - 4 potions of curing


   Skills:
 + Level 7.2 Fighting
 + Level 10.1 Maces & Flails
 + Level 2.0 Throwing
 + Level 9.0 Armour
 + Level 3.3 Dodging
 + Level 1.5 Stealth
 + Level 7.3 Shields
 + Level 1.0 Invocations


You had 6 spell levels left.
You knew the following spells:

 Your Spells              Type           Power      Damage    Failure   Level
a - Stone Arrow           Conj/Erth      0%         3d7       100%        3

Your spell library contained the following spells:

 Spells                   Type           Power      Damage    Failure   Level
 Apportation              Tloc           0%         N/A       97%         1
 Ensorcelled Hibernation  Hex/Ice        0%         N/A       99%         2
 Lehudib's Crystal Spear  Conj/Erth      0%         10d2      100%        8
 Animate Skeleton         Necr           Unusable   N/A       N/A         1
 Summon Small Mammal      Summ           Unusable   N/A       N/A         1
 Tukima's Dance           Hex            Unusable   N/A       N/A         3
 Animate Armour           Summ/Erth      Unusable   N/A       N/A         4

Dungeon Overview and Level Annotations

Branches:
Dungeon (9/15)             Temple (1/1) D:5             Orc (0/2) D:9
 Bailey (visited)
   Lair: D:8-11

Altars:
Ashenzari
Cheibriados
Dithmenos
Elyvilon
Fedhas
Gozag
Hepliaklqana
Kikubaaqudgha
Nemelex Xobeh
Okawaru
Qazlal
Ru
Sif Muna
Trog
Uskayaw
Vehumet
Wu Jian
Xom
Yredelemnul
Zin
The Shining One

Shops:
D:2 :   D:8 **


Innate Abilities, Weirdness & Mutations

You cannot be hasted, slowed, berserked, paralysed or teleported.
You can dig through walls and to a lower floor.
You have a pair of large antennae on your head. (SInv)
Your four strong arms can wield two-handed weapons with a shield.


Message History

The killer bee stings you but does no damage.
The killer bee stings you but does no damage.
The killer bee stings you but does no damage.
The killer bee stings you but does no damage.
The killer bee stings you but does no damage.
The centaur shoots an arrow.
You block the arrow.
The centaur shoots an arrow.
You block the arrow.
The killer bee stings you but does no damage.
The centaur shoots an arrow.
The arrow barely misses you.
The killer bee stings you but does no damage.
The centaur shoots an arrow.
The arrow hits you.
* * * LOW HITPOINT WARNING * * *
The killer bee stings you but does no damage.
The killer bee stings you but does no damage.
The killer bee stings you but does no damage.
Unknown command.
The killer bee stings you but does no damage.
The killer bee stings you.
* * * LOW HITPOINT WARNING * * *
The killer bee stings you but does no damage.
Okay, then.
You feel protected. The killer bee closely misses you.
You block the killer bee's attack.
Really quaff the potion of lignification?
Okay, then.
You completely miss the killer bee.
The killer bee is almost dead.
The killer bee barely misses you. You block the killer bee's attack.
You block the two-headed ogre's attack.
The two-headed ogre hits you with a +0 giant club.
* * * LOW HITPOINT WARNING * * *
You miss the killer bee.
The killer bee is almost dead.
You block the killer bee's attack.
You bludgeon the killer bee!!
Your weapon exudes an aura of protection.
You kill the killer bee!
Okawaru accepts your kill.
The centaur shoots an arrow.
The arrow hits you!
You die...

#..#......##
#...(..>..###......
####......#
##.....##.#.#..#.##
# ##......##
#....#.#......##...
###...<....#
##...#....#..#.....
#..........#
#.#....###..#..###
###.......##
##.c..####......#
#)...###..#
##.....# ##.....##
#....#...##
#.O#†### ##.....#
#####....# #..@##
###.###
#....y.#...## ###
#...........
#...#.#.....#
##.######..## ##
....# #...## #...#


You could see a two-headed ogre and a centaur.

Vanquished Creatures
  Pikel (D:5)
  A necromancer (D:9)
  An unseen horror (D:5)
  Prince Ribbit (D:5)
  A shadow (D:9)
  A vampire (D:9)
  A steam dragon (D:8)
  2 water moccasins
  6 orc warriors
  A black bear (D:7)
  2 necrophages (D:6)
  2 centaurs (D:9)
  A phantom (D:5)
  2 bullfrogs (D:9)
  A kobold brigand (D:3)
  3 scorpions
  7 killer bees (D:9)
  10 wights (D:8)
  A howler monkey (D:4)
  A bullfrog zombie (D:7)
  A centaur skeleton (D:7)
  11 orc priests
  5 hounds
  An iguana (D:4)
  Natasha (thrice) (D:4)
  9 orc wizards
  3 yak simulacra (D:9)
  A polar bear simulacrum (D:9)
  A killer bee zombie (D:8)
  A wolf simulacrum (D:9)
  A howler monkey zombie (D:6)
  9 adders
  A white imp (D:6)
  3 worms
  5 dart slugs
  46 orcs
  2 ball pythons
  9 endoplasms
  5 giant cockroaches
  9 goblins
  12 hobgoblins
  2 jackals (D:4)
  21 kobolds
  2 quokkas (D:1)
  9 bats
  7 frilled lizards
  5 rats
  A river rat simulacrum (D:9)
231 creatures vanquished.

Vanquished Creatures (others)
  2 plants (D:9)
2 creatures vanquished.

Grand Total: 233 creatures vanquished

Notes
Turn   | Place    | Note
-------+----------+-------------------------------------------
     0 | D:1      | funkygono the Formicid Fighter began the quest for the Orb.
     0 | D:1      | Reached XP level 1. HP: 18/18 MP: 1/1
   105 | D:1      | Reached XP level 2. HP: 23/24 MP: 2/2
   456 | D:1      | Reached XP level 3. HP: 30/30 MP: 3/3
  1222 | D:2      | Reached skill level 1 in Stealth
  1222 | D:2      | Reached XP level 4. HP: 37/37 MP: 4/4
  1225 | D:2      | Found a white marble altar of Elyvilon.
  1925 | D:2      | Found Sotez's Book Shoppe.
  2022 | D:2      | Found a faded altar of an unknown god.
  2172 | D:2      | Reached skill level 3 in Maces & Flails
  2172 | D:2      | Reached XP level 5. HP: 40/42 MP: 5/5
  2327 | D:2      | You fall into a shaft and drop 1 floor!
  2563 | D:3      | Noticed a kobold brigand
  2650 | D:3      | Killed a kobold brigand
  2651 | D:3      | Reached skill level 1 in Dodging
  2651 | D:3      | Reached XP level 6. HP: 21/48 MP: 6/6
  2862 | D:3      | Identified the +4 cloak of Depression {rC+ rN+ Str+2 Int+4}
  3048 | D:3      | HP: 2/48 [poisoned by an adder]
  3062 | D:3      | Reached skill level 4 in Maces & Flails
  3880 | D:4      | Reached XP level 7. HP: 45/55 MP: 7/7
  3897 | D:4      | Reached skill level 5 in Armour
  4342 | D:4      | Found a shadowy altar of Dithmenos.
  4464 | D:4      | Noticed Natasha
  4497 | D:4      | Killed Natasha
  4733 | D:4      | Noticed Natasha
  4738 | D:4      | Killed Natasha
  5000 | D:4      | Noticed Natasha
  5004 | D:4      | Killed Natasha
  5017 | D:5      | Entered Level 5 of the Dungeon
  5101 | D:5      | Found an opulent altar of Gozag.
  5147 | D:5      | Reached skill level 5 in Maces & Flails
  5193 | D:5      | Reached XP level 8. HP: 19/61 MP: 8/8
  5208 | D:5      | Noticed an unseen horror
  5300 | D:5      | Killed an unseen horror
  5301 | D:5      | Reached skill level 6 in Maces & Flails
  5301 | D:5      | Reached skill level 1 in Throwing
  5549 | D:5      | Found a staircase to the Ecumenical Temple.
  5566 | Temple   | Entered the Ecumenical Temple
  5783 | D:5      | Noticed Prince Ribbit
  5796 | D:5      | Killed Prince Ribbit
  5797 | D:5      | Reached skill level 5 in Fighting
  5982 | D:5      | Reached skill level 5 in Shields
  6032 | D:5      | Noticed Pikel
  6048 | D:5      | Killed Pikel
  6049 | D:5      | Reached skill level 7 in Maces & Flails
  6049 | D:5      | Reached XP level 9. HP: 44/68 MP: 9/9
  6351 | D:6      | Reached skill level 8 in Maces & Flails
  6512 | D:6      | Identified the +2 ring mail of the Blue Moon {+Blink rC+++
                  | Stlth-}
  6612 | D:6      | Found a radiant altar of Vehumet.
  6838 | D:6      | Found a sparkling altar of Nemelex Xobeh.
  6891 | D:6      | Found a white marble altar of Elyvilon.
  7156 | D:7      | Found a flagged portal.
  7186 | Bailey   | Entered a bailey
  7527 | D:7      | Found a shimmering blue altar of Sif Muna.
  7528 | D:7      | Found an iron altar of Okawaru.
  7975 | D:7      | Found an ancient bone altar of Kikubaaqudgha.
  8349 | D:7      | Became a worshipper of Warmaster Okawaru
  8422 | D:8      | Identified the ring "Ydaod" {rN++ Dex+5 SInv Stlth-}
  8851 | D:8      | Reached XP level 10. HP: 65/76 MP: 10/10
  8854 | D:8      | Reached * piety under Okawaru
  9321 | D:8      | Found Syeseel's Gadget Gallery.
  9806 | D:8      | Found Baatot's Assorted Antiques.
  9917 | D:9      | Learned a level 3 spell: Stone Arrow
  9952 | D:9      | Reached skill level 9 in Maces & Flails
 10275 | D:9      | Found a staircase to the Orcish Mines.
 10297 | D:9      | Reached ** piety under Okawaru
 10501 | D:9      | Noticed a necromancer
 10513 | D:9      | Killed a necromancer
 10763 | D:9      | Reached skill level 1 in Invocations
 10787 | D:9      | Found a bloodstained altar of Trog.
 10851 | D:9      | Reached skill level 10 in Maces & Flails
 10919 | D:9      | Reached *** piety under Okawaru
 10944 | D:9      | Noticed a two-headed ogre
 10961 | D:9      | HP: 2/79 [two-headed ogre (11)]
 10984 | D:9      | Shot with an arrow by a centaur

Illustrated notes

Levels and vault maps discovered:
D:1:      sevenhm_arrival_forest_fort_large_4, layout_loops_corners
D:2:      minmay_evil_eye, layout_loops_ring, ebering_ecumenical_altar_mist,
          serial_shops, nicolae_square_shop, basic_altar, nrook_uturn,
          roderic_lattice_a, uniq_crazy_yiuf_cottage
D:3:      cheibrodos_thug_alley, layout_loops_cross, guppyfry_early_lair_pool
D:4:      layout_basic, lemuel_tele_altar, corexii_leaking_fountain,
          uniq_natasha
D:5:      layout_rooms, mainiacjoe_overflow_cross_hatched,
          minmay_temple_entry_junction_2, uniq_pikel, uniq_prince_ribbit1
D:6:      layout_loops_cross, vehumet_crystals, mainiacjoe_overflow_brackets,
          nemelex_spade_bored_becter, nrook_campfire
D:7:      layout_basic, mainiacjoe_overflow_small_starburst,
          mainiacjoe_overflow_divided_tiny, enter_bailey_4
D:8:      layout_basic, serial_shops, kennysheep_mini_moat, nicolae_shop_gadgets
D:9:      layout_cave_pools, lightli_temple_of_fire, amcnicky_altar_gilded,
          hiddenorc2_lemuel, chequers_serial_rivers_micro_e,
          serial_bayou_pond_b, eino_house_with_fridge
Temple:   hc_temple_tempest_star

Skill      XL: |  1  2  3  4  5  6  7  8  9 10 |
---------------+-------------------------------+-----
Shields        | 4 5 6 7 |  7.3
Stealth        | 1 |  1.5
Fighting       | 4 5 6 7 |  7.2
Maces & Flails | 3 4 5 7 8 10 | 10.1
Armour         | 4 5 6 7 9 |  9.0
Dodging        | 1 2 3 |  3.3
Throwing       | 1 2 |  2.0
Invocations    | 1 |  1.0

Action                   |  1- 3 |  4- 6 |  7- 9 | 10-12 || total
-------------------------+-------+-------+-------+-------++-------
Melee: Flail             |    80 |   237 |   133 |       ||   450
       Whip              |       |       |   192 |   116 ||   308
       Dire flail        |       |       |       |   193 ||   193
Throw: Dart              |       |    10 |    16 |     3 ||    29
Invok: Heroism           |       |       |       |    10 ||    10
  Use: Scroll            |     2 |     3 |    11 |     1 ||    17
       Potion            |       |     5 |       |     4 ||     9
Armor: Scale mail        |    42 |    17 |       |       ||    59
       Chain mail        |       |   115 |    91 |       ||   206
       Plate armour      |       |       |   101 |   176 ||   277
Dodge: Dodged            |    44 |    81 |   125 |   116 ||   366
Block: Buckler           |    23 |    49 |    82 |   102 ||   256

Table legend: (Time is in decaauts)
 A = Elapsed time spent in this place.
 B = Non-inter-level travel time spent in this place.
 C = Inter-level travel time spent in this place.
 D = Time resting spent in this place.
 E = Time spent auto-exploring this place.
 F = Levels seen in this place.
 G = Mean time per level.
                   A        B        C        D        E       F      G
               +--------+--------+--------+--------+--------+-----+--------+
         Total |  10940 |  10661 |    279 |     66 |   7928 |  11 |  994.5 |
       Dungeon |  10674 |  10403 |    271 |     66 |   7700 |   9 | 1186.0 |
        Temple |    206 |    199 |      7 |      0 |    188 |   1 |  206.0 |
        Bailey |     59 |     59 |      0 |      0 |     40 |   1 |   59.0 |
               +--------+--------+--------+--------+--------+-----+--------+

Top non-repeatable levels by time:
     D:8: 1437 daAuts
     D:4: 1409 daAuts
     D:3: 1323 daAuts
     D:7: 1312 daAuts
     D:1: 1233 daAuts
     D:2: 1140 daAuts
     D:5: 1075 daAuts
     D:9: 1027 daAuts
     D:6: 713 daAuts
  Temple: 206 daAuts
  Bailey: 59 daAuts
